 Dungeon Crawl Stone Soup version 0.27-a0-1200-g94dc6ad4cf (webtiles) character file.

Game seed: 13482275960629376860

117507 freelancePsychic the Grappler (level 16, -5/167 HPs)
             Began as a Demonspawn Abyssal Knight on May 31, 2021.
             Was a High Priest of Lugonu.
             Slain by a saltling (20 damage)
             ... in the Desolation of Salt.
             The game lasted 02:03:03 (54652 turns).

freelancePsychic the Grappler (DsAK)               Turns: 54652, Time: 02:03:04

Health: -5/167     AC: 29    Str: 14    XL:     16   Next: 23%
Magic:  24/24      EV: 24    Int: 16    God:    Lugonu [*****.]
Gold:   971        SH:  0    Dex: 21    Spells: 9/15 levels left

rFire    . . .     SeeInvis .     - Unarmed
rCold    + + +     Faith    .   (no shield)
rNeg     + . .     Spirit   .   (armour currently unavailable)
rPois    ∞         Reflect  .   F - +0 helmet
rElec    +         Harm     .   p - +2 cloak
rCorr    +         Rampage  .   (gloves currently unavailable)
Will     ++...                  (boots currently unavailable)
Stlth    ++........             V - amulet "Qentemue" {rC+++ Regen+ rCorr Dex+7 Slay-2}
HPRegen  1.37/turn              m - ring of wizardry
MPRegen  0.19/turn              Z - ring of willpower

@: mighty, agile, statue-form, very slow
A: slow and powerful, torment resistance 1, boosted hp, claws 2, demonic
guardian 2, powered by pain 2, (sanguine armour 3), clever 1, (shaggy fur 1),
weak 2, wild magic 1, no potion heal 1
a: End Transformation, Renounce Religion, Depart the Abyss, Bend Space, Banish,
Corrupt, Enter the Abyss


You were in the Desolation of Salt.
You worshipped Lugonu.
Lugonu was extremely pleased with you.
You were a living statue of rough stone.
You visited 4 branches of the dungeon, and saw 24 of its levels.
You visited the Abyss 2 times.
You also visited: Gauntlet, Ice Cave, Volcano and Desolation.

You collected 2442 gold pieces.
You spent 1471 gold pieces at shops.

Inventory:

Hand Weapons
 q - a +1 demon whip of flaming
 R - a +0 battleaxe of freezing
Missiles
 z - a curare-tipped dart
 E - 2 throwing nets
Armour
 e - a +0 pair of boots (melded)
 g - the +2 robe of Vines (melded) {NoPotionHeal Regen+++}
   (You found it in the Desolation of Salt)

   It increases your rate of health regeneration.
 p - a +2 cloak (worn)
 v - the +1 robe of Teyhiduge {*Corrode Str+5}
   (You bought it in a shop on level 2 of the Orcish Mines)

   It affects your strength (+5).
   It may corrode you when you take damage.
 F - a +0 helmet (worn)
 L - a +3 chain mail of fire resistance
Jewellery
 l - the ring "Pohotili" {MP+9 SInv}
   (You found it in the Desolation of Salt)

   [ring of magical power]

   It affects your magic capacity (+9).
   It lets you see invisible.
 m - a ring of wizardry (left claw)
 o - an amulet of the acrobat
 u - a ring of protection from fire
 C - a ring of fire
 H - the amulet of Scepticism {Reflect Dex+3 SH+5 SInv}
   (You found it in a Gauntlet)

   [amulet of reflection]

   It reflects blocked missile attacks.
   It affects your dexterity (+3).
   It lets you see invisible.
   It affects your SH (+5).
 J - a ring of poison resistance
 T - an amulet of faith
 V - the amulet "Qentemue" (around neck) {rC+++ Regen+ rCorr Dex+7 Slay-2}
   (You found it in a Gauntlet)

   [amulet of regeneration]

   It affects your dexterity (+7).
   It affects your accuracy and damage with ranged weapons and melee attacks
   (-2).
   It renders you almost immune to cold.
   It increases your rate of health regeneration.
   It protects you from acid and corrosion.
 Z - a ring of willpower (right claw)
Wands
 r - a wand of flame (63)
 w - a wand of iceblast (16)
 G - a wand of acid (14)
 I - a wand of paralysis (14)
 Q - a wand of mindburst (10)
 X - a wand of digging (11)
 Y - a wand of polymorph (10)
Scrolls
 j - 3 scrolls of enchant armour
 n - a scroll of immolation
 t - 3 scrolls of teleportation {@r4}
 y - a scroll of silence
 D - 4 scrolls of identify {@r1}
 K - 7 scrolls of amnesia
 N - 2 scrolls of magic mapping
 O - a scroll of enchant weapon
 S - a scroll of fear
 U - 2 scrolls of fog
Potions
 a - 6 potions of haste {@q3}
 b - a potion of heal wounds {@q2}
 c - 2 potions of lignification
 d - 7 potions of curing {@q1}
 f - 2 potions of cancellation
 h - 2 potions of berserk rage
 i - 4 potions of attraction
 k - 3 potions of magic
 s - 5 potions of flight
 x - 5 potions of resistance
 A - 6 potions of might
 B - 3 potions of brilliance
 M - 8 potions of ambrosia
 P - a potion of invisibility
Miscellaneous
 W - a condenser vane


   Skills:
 - Level 12.5 Fighting
 - Level 3.6 Long Blades
 - Level 10.4 Armour
 - Level 10.0 Dodging
 - Level 13.0 Unarmed Combat
 + Level 9.9 Transmutations
 + Level 9.8 Earth Magic
 - Level 11.0 Invocations


You had 9 spell levels left.
You knew the following spells:

 Your Spells              Type           Power      Damage    Failure   Level
a - Statue Form           Tmut/Erth      27%        N/A       32%         6

Your spell library contained the following spells:

 Spells                   Type           Power      Damage    Failure   Level
 Beastly Appendage        Tmut           82%        N/A       1%          1
 Sandblast                Erth           80%        2d17      1%          1
 Passwall                 Tmut/Erth      34%        N/A       1%          2
 Wereblood                Tmut           41%        N/A       1%          2
 Sting                    Tmut/Pois      80%        1d7       2%          1
 Petrify                  Tmut/Erth      41%        N/A       2%          4
 Spider Form              Tmut/Pois      10%        N/A       6%          3
 Stone Arrow              Conj/Erth      40%        3d9       6%          3
 Hydra Form               Tmut           20%        N/A       7%          5
 Lee's Rapid Deconstruct  Erth           20%        3d13*     7%          5
 Ignite Poison            Fire/Tmut/Pois 13%        N/A       12%         3
 Corona                   Hex            0%         N/A       14%         1
 Freeze                   Ice            0%         1d3       14%         1
 Shock                    Conj/Air       0%         1d3       14%         1
 Summon Small Mammal      Summ           0%         N/A       14%         1
 Animate Armour           Summ/Erth      40%        N/A       17%         4
 Ice Form                 Ice/Tmut       20%        N/A       17%         4
 Leda's Liquefaction      Hex/Erth       10%        N/A       17%         4
 Call Imp                 Summ           0%         N/A       21%         2
 Ensorcelled Hibernation  Hex/Ice        0%         N/A       21%         2
 Poisonous Vapours        Pois/Air       0%         N/A       21%         2
 Static Discharge         Conj/Air       0%         N/A       21%         2
 Call Canine Familiar     Summ           0%         N/A       34%         3
 Confusing Touch          Hex            0%         N/A       34%         3
 Conjure Flame            Conj/Fire      0%         6-21      34%         3
 Dazzling Flash           Conj/Hex       0%         N/A       34%         3
 Frozen Ramparts          Ice            0%         1d2       34%         3
 Gell's Gravitas          Tloc           0%         N/A       34%         3
 Mephitic Cloud           Conj/Pois/Air  0%         N/A       34%         3
 Ozocubu's Armour         Ice            0%         N/A       34%         3
 Portal Projectile        Hex/Tloc       0%         N/A       34%         3
 Summon Guardian Golem    Hex/Summ       0%         N/A       34%         3
 Swiftness                Air            0%         N/A       34%         3
 Tukima's Dance           Hex            0%         N/A       34%         3
 Vampiric Draining        Necr           0%         2d6       34%         3
 Bolt of Magma            Conj/Fire/Erth 6%         4d6       63%         5
 Airstrike                Air            0%         N/A       71%         4
 Cause Fear               Hex            0%         N/A       71%         4
 Hailstorm                Conj/Ice       0%         3d3       71%         4
 Olgreb's Toxic Radiance  Pois           0%         N/A       71%         4
 Passage of Golubria      Tloc           N/A        N/A       71%         4
 Summon Ice Beast         Ice/Summ       0%         N/A       71%         4
 Summon Lightning Spire   Summ/Air       0%         N/A       71%         4
 Iron Shot                Conj/Erth      10%        9d3       90%         6
 Fireball                 Conj/Fire      0%         3d3       95%         5
 Lightning Bolt           Conj/Air       0%         1d11      95%         5
 Manifold Assault         Tloc           0%         N/A       95%         5
 Metabolic Englaciation   Hex/Ice        0%         N/A       95%         5
 Summon Forest            Summ/Tloc      0%         N/A       95%         5
 Summon Mana Viper        Hex/Summ       0%         N/A       95%         5
 Dispersal                Tloc           0%         N/A       100%        6
 Freezing Cloud           Conj/Ice/Air   0%         6-21      100%        6
 Invisibility             Hex            0%         N/A       100%        6
 Shadow Creatures         Summ           N/A        N/A       100%        6
 Summon Hydra             Summ           0%         N/A       100%        7
 Disjunction              Tloc           0%         N/A       100%        8
 Shatter                  Erth           20%        3d18*     100%        9


Dungeon Overview and Level Annotations

Branches:
Dungeon (15/15)            Temple (0/1) D:4            Lair (6/6) D:9
  Swamp (0/4) Lair:3        Snake (0/4) Lair:2        Slime (0/5) Lair:6
    Orc (2/2) D:12            Elf (1/3) Orc:2        Vaults (0/5) D:14
 Depths (0/5) D:15          IceCv (visited)         Volcano (visited)
Desolation (1/1)          Gauntlet (visited)

Altars:
Cheibriados
Dithmenos
Elyvilon
Kikubaaqudgha
Makhleb
Okawaru
Qazlal
Sif Muna
Trog
Vehumet
Wu Jian
Yredelemnul
Zin
The Shining One
Beogh

Shops:
D:11 (   D:13 ?   D:15 *   Orc:2 !=:[

Annotations:
D:3 1 runed translucent door, Crazy Yiuf
D:11 3 runed translucent doors, Nolbo's ghost, journeyman NaIE
Lair:6 3 runed translucent doors, corrupted, bronco's ghost, journeyman TrAr
Orc:2 corrupted
Elf:1 3 runed translucent doors, corrupted, Ischegume's ghost, veteran HOFi


Innate Abilities, Weirdness & Mutations

You are a living statue of rough stone.
Your actions are slow, but your melee attacks are powerful.
You are resistant to unholy torment.
Your maximum health is greatly increased.
You are immune to poison.
Your equipment is partially melded.
You have very sharp fingernails.
A demonic guardian rushes to your aid.
You sometimes gain power by taking damage.
((When seriously injured, your bleeding wounds create very thick armour. (AC +0)))
Your mind is acute. (Int +2)
((You are covered in fur. (AC +1)))
You are very weak. (Str -4)
Your spells are a little harder to cast, but a little more powerful.
Potions are less effective at restoring your health.


Message History

The saltling goes into a battle-frenzy!
Your soul eater hits the peacekeeper!!
The saltling completely misses you.
You scratch the saltling. You claw the saltling!!
The saltling is almost destroyed.
The guardian serpent closely misses you.
The peacekeeper closely misses you.
The peacekeeper claws you but does no damage.
The saltling closely misses you.
Your soul eater hits the peacekeeper but does no damage.
The guardian serpent coils itself and waves its upper body at you.
The bolt of poison misses you. The peacekeeper bites you!!
* * * LOW HITPOINT WARNING * * *
The peacekeeper claws you.
* * * LOW HITPOINT WARNING * * *
As you read the scroll of fear, it crumbles to dust.
You assume a fearsome visage.
Your soul eater is unaffected.
The saltling is unaffected.
The peacekeeper is unaffected.
The guardian serpent looks frightened!
The peacekeeper no longer looks unusually strong.
The peacekeeper bites you but does no damage.
The peacekeeper closely misses you. The saltling closely misses you.
Your soul eater hits the peacekeeper!
The peacekeeper bites your soul eater! The peacekeeper claws your soul eater.
The saltling hits you!
* * * LOW HITPOINT WARNING * * *
A demonic guardian appears!
Your soul eater hits the peacekeeper.
You swap places.
The peacekeeper barely misses your soul eater. x2
The peacekeeper bites your soul eater.
The peacekeeper claws your soul eater but does no damage.
Your soul eater hits the peacekeeper!
Your smoke demon gestures at the peacekeeper.
The ball of steam hits the peacekeeper but does no damage.
The saltling barely misses you.
The peacekeeper barely misses your smoke demon.
The peacekeeper claws your smoke demon! The peacekeeper bites your smoke demon!
The peacekeeper barely misses your smoke demon.
The saltling hits you!!
You die...

.........)..............,,,,,,,,,
.........)).............,,,,,,,,,
............#.§§........,,,,,,,,,
..............§.........,,,,,,,,,
#.......§§...§§.§8......,,,,,,,,,
.#..#.§.§...§§38.§......,,,,,,,,,
.#..#.§§§...§.§3§.......,,,*,,,,,
..#.#§§....§§§§8........,,,,,,,,,
..#.§§§..§§.§§§§8.......,,,,,,,,,
..#.§§§§.§§.S.§§§.......,,,,,,,,,
..#..§§§§§§§§§§.§.......,,,,,,,,,
.#.......,§§§§§.........,,,,,,,,,
.#......,,§§§§§.........,,,,,,,,,
#).......,,,§§§§§.......,,,,,,,,,
.........,,,,,,,,.......,,,,,,,,,
.........,,,,,,,,.....§.,,,,,,,,,
.....#....,,,,,,,,,,,,,,,,,,,,,,,


You could see a peacekeeper (ally target), a saltling (strong), a friendly soul
eater (summoned) and a friendly smoke demon (summoned).

Vanquished Creatures
  A frost giant (IceCv)
  An ironbound preserver (D:14)
  2 crystal guardians (Desolation)
  A green death (Gauntlet)
  A deep elf death mage (Elf:1)
  3 ragged hierophants (Desolation)
  4 hydras
  4 servants of whispers (Desolation)
  A peacekeeper (Desolation)
  4 two-headed ogres
  A centaur warrior (D:14)
  A death knight (D:14)
  A catoblepas (Lair:5)
  A dancing weapon (Elf:1)
  7 death yaks
  2 tengu warriors (D:15)
  A fire crab (shapeshifter) (D:13)
  A skeletal warrior (D:14)
  4 glowing orange brains (Gauntlet)
  A lindwurm (Volcano)
  A phantasmal warrior (D:14)
  2 bog bodies (Lair:3)
  A deep elf archer (Elf:1)
  5 wizards
  A deep elf pyromancer (D:14)
  A necromancer (D:15)
  2 deep elf zephyrmancers (Elf:1)
  An ironbound convoker (Desolation)
  3 orc sorcerers
  A wolf spider (Lair:6)
  A manticore (D:15)
  6 cyclopes
  12 ugly things
  A worldbinder (Gauntlet)
  2 toenail golems (Volcano)
  7 black mambas
  2 naga magi (D:15)
  5 elephants
  A guardian serpent (Lair:6)
  An orange demon (Gauntlet)
  11 cane toads
  3 molten gargoyles
  An unseen horror (D:13)
  A gargoyle (D:14)
  3 komodo dragons
  A centaur skeleton (D:15)
  A rime drake (Lair:6)
  3 efreet
  A kobold demonologist (D:12)
  3 freezing wraiths (D:14)
  A komodo dragon (shapeshifter) (D:14)
  An ice devil (Gauntlet)
  2 trolls
  17 polar bears
  2 meliai (Lair:5)
  A queen bee (Lair:5)
  A hornet (Lair:4)
  17 blink frogs
  9 slime creatures
  22 saltlings (Desolation)
  7 flying skulls (Gauntlet)
  3 redbacks (Lair:6)
  5 shadows
  2 wraiths
  Eustachio (D:5)
  64 yaks
  14 wyverns
  4 basilisks
  4 hogs (D:14)
  A fire elemental (Elf:1)
  3 water elementals
  A wyvern (shapeshifter) (D:13)
  A steam dragon (D:8)
  4 vampire mosquitoes
  Menkaure (D:4)
  3 neqoxecs (Gauntlet)
  2 nagas (Lair:2)
  2 swamp worms (Lair:3)
  3 wargs
  15 water moccasins
  24 orc warriors
  2 black bears
  A hornet zombie (D:7)
  A necrophage (D:5)
  A boggart (Gauntlet)
  11 ogres
  40 wolves
  5 centaurs
  13 bullfrogs
  5 kobold brigands
  3 wyvern zombies
  2 earth elementals (Volcano)
  2 water moccasin zombies (D:5)
  3 scorpions
  27 killer bees
  10 wights
  3 electric eels
  4 howler monkeys (D:7)
  A bullfrog zombie (D:7)
  7 centaur zombies
  2 hounds
  16 orc priests
  A gnoll shaman (D:7)
  4 iguanas
  23 orc wizards
  A hound skeleton (D:5)
  3 howler monkey zombies
  15 gnolls
  A howler monkey skeleton (D:6)
  5 adders
  12 white imps
  2 worms
  2 dart slugs
  82 orcs
  7 endoplasms
  6 giant cockroaches
  10 goblins
  5 hobgoblins
  8 jackals
  9 kobolds
  2 quokkas
  2 ball pythons
  7 bats
  A frilled lizard (D:3)
  3 rats
733 creatures vanquished.

Vanquished Creatures (collateral kills)
  Kirke (D:14)
  An ogre mage (D:14)
  A dancing weapon (Elf:1)
  A two-headed ogre (D:14)
  A lindwurm (Volcano)
  A deep elf zephyrmancer (Elf:1)
  An ugly thing (D:12)
  An elephant (Lair:5)
  A gargoyle (D:11)
  2 komodo dragons
  2 polar bears (IceCv)
  2 blink frogs (Lair:5)
  4 saltlings (Desolation)
  A wraith (D:11)
  4 yaks
  A wyvern (D:9)
  A warg (D:12)
  A water moccasin (D:5)
  An orc warrior (D:9)
  3 wolves
  3 killer bees (D:9)
  A wight (D:7)
  An orc priest (Orc:1)
  2 jellies
  2 white imps (D:14)
  7 orcs
47 creatures vanquished.

Vanquished Creatures (others)
  2 angels (Elf:1)
  A minotaur (Gauntlet)
  A dancing weapon (Elf:1)
  4 death yaks (Lair:6)
  An orc high priest (Orc:2)
  A deep elf knight (Elf:1)
  2 deep elf archers (Elf:1)
  An obsidian statue (Gauntlet)
  A deep elf pyromancer (Elf:1)
  A wizard (D:6)
  3 oklob plants (Lair:6)
  4 orc sorcerers (Orc:2)
  A torpor snail (Lair:6)
  A cane toad (Lair:6)
  A blink frog (Lair:6)
  A hornet (Lair:6)
  4 yaks (Lair:6)
  A warg (Orc:2)
  2 water moccasins (Lair:6)
  7 orc warriors (Orc:2)
  3 humans
  An earth elemental (Elf:1)
  12 orc priests (Orc:2)
  13 orc wizards (Orc:2)
  7 orcs
  2 bushes (Lair:3)
  13 demonic plants (Gauntlet)
  2 fire vortices
  6 foxfires (Orc:2)
  62 fungi
  114 plants
  12 starspawn tentacles (Lair:6)
287 creatures vanquished.

Grand Total: 1067 creatures vanquished

Notes
Turn   | Place    | Note
-------+----------+-------------------------------------------
     0 | Abyss:1  | freelancePsychic the Demonspawn Abyssal Knight began the
                  | quest for the Orb.
     0 | Abyss:1  | Reached XP level 1. HP: 18/18 MP: 2/2
    47 | Abyss:1  | Noticed a thrashing horror
    48 | D:1      | Escaped the Abyss
   164 | D:1      | Reached * piety under Lugonu
   346 | D:1      | Gained mutation: You sometimes gain a little power by
                  | taking damage. [demonic ancestry]
   346 | D:1      | Reached XP level 2. HP: 23/24 MP: 4/4
   667 | D:1      | HP: 1/24 [kobold/+0 short sword (5)]
   669 | D:1      | Gained mutation: When seriously injured, your bleeding
                  | wounds create armour. (AC +0) [demonic ancestry]
   669 | D:1      | Reached XP level 3. HP: 1/29 MP: 5/5
  1285 | D:1      | Found a faded altar of an unknown god.
  2398 | D:3      | Noticed a black bear
  2410 | D:3      | Killed a black bear
  2411 | D:3      | Gained mutation: You have sharp fingernails. [demonic
                  | ancestry]
  2411 | D:3      | Reached XP level 4. HP: 37/37 MP: 5/7
  2411 | D:3      | Gained mutation: When seriously injured, your bleeding
                  | wounds create thick armour. (AC +0) [demonic ancestry]
  2411 | D:3      | Reached XP level 5. HP: 42/42 MP: 5/8
  2656 | D:3      | Reached ** piety under Lugonu
  2802 | D:3      | Found a shadowy altar of Dithmenos.
  3028 | D:3      | Found a runed translucent door.
  3029 | D:3      | Noticed Crazy Yiuf
  3465 | D:4      | Found a staircase to the Ecumenical Temple.
  3554 | D:4      | Reached skill level 1 in Unarmed Combat
  3645 | D:4      | Found a basalt altar of Yredelemnul.
  3938 | D:4      | Noticed Menkaure
  3981 | D:5      | Entered Level 5 of the Dungeon
  4683 | D:4      | Reached XP level 6. HP: 48/48 MP: 9/9
  4686 | D:4      | Found an ancient bone altar of Kikubaaqudgha.
  4688 | D:4      | Noticed a human
  4690 | D:4      | Killed a human
  4820 | D:5      | Reached skill level 2 in Unarmed Combat
  5150 | D:5      | Reached skill level 5 in Invocations
  5245 | D:5      | Found a shimmering blue altar of Sif Muna.
  5338 | D:5      | Noticed a water moccasin
  5389 | D:5      | Reached skill level 3 in Unarmed Combat
  5482 | D:5      | Gained mutation: A weak demonic guardian rushes to your
                  | aid. [demonic ancestry]
  5482 | D:5      | Reached XP level 7. HP: 43/55 MP: 9/11
  6058 | D:5      | Reached skill level 5 in Fighting
  6396 | D:4      | Found a basalt altar of Yredelemnul.
  6401 | D:4      | Found a staircase to the Ecumenical Temple.
  6673 | D:4      | Killed Menkaure
  6674 | D:4      | Reached skill level 4 in Unarmed Combat
  7279 | D:4      | Found an ancient bone altar of Kikubaaqudgha.
  7740 | D:5      | Noticed Eustachio
  7780 | D:5      | Killed Eustachio
  8230 | D:6      | Reached XP level 8. HP: 63/63 MP: 12/12
  8525 | D:6      | Reached skill level 5 in Unarmed Combat
  8956 | D:6      | Found a snail-covered altar of Cheibriados.
 10104 | D:6      | Found a bloodstained altar of Trog.
 10105 | D:6      | Noticed a wizard
 10110 | D:6      | Killed a wizard
 10174 | D:5      | Reached skill level 6 in Unarmed Combat
 10327 | D:7      | Reached *** piety under Lugonu
 11549 | D:8      | Gained mutation: You sometimes gain power by taking damage.
                  | [demonic ancestry]
 11549 | D:8      | Reached XP level 9. HP: 71/71 MP: 14/14
 11589 | D:8      | Noticed a two-headed ogre
 11825 | D:7      | Reached skill level 7 in Unarmed Combat
 13039 | D:8      | Banished a two-headed ogre
 13040 | D:8      | Reached skill level 8 in Unarmed Combat
 13882 | D:8      | Found a burning altar of Makhleb.
 13882 | D:8      | Found a stormy altar of Qazlal.
 14035 | D:9      | Found a staircase to the Lair.
 14137 | D:9      | Gained mutation: A demonic guardian rushes to your aid.
                  | [demonic ancestry]
 14137 | D:9      | Reached XP level 10. HP: 65/79 MP: 15/15
 14516 | D:9      | Reached skill level 5 in Armour
 14674 | D:9      | Reached skill level 9 in Unarmed Combat
 14966 | D:9      | Reached **** piety under Lugonu
 16270 | D:10     | Entered Level 10 of the Dungeon
 17051 | D:10     | Noticed a two-headed ogre
 17054 | D:10     | Banished a two-headed ogre
 17055 | D:10     | Reached skill level 10 in Invocations
 17214 | D:11     | Found a runed translucent gate.
 17237 | D:11     | Noticed Nolbo's ghost (journeyman NaIE)
 17248 | D:11     | Reached skill level 1 in Dodging
 17525 | D:11     | Noticed a cyclops
 17533 | D:11     | Killed a cyclops
 17534 | D:11     | Reached skill level 10 in Unarmed Combat
 17534 | D:11     | Reached XP level 11. HP: 63/86 MP: 18/18
 17759 | D:11     | Found a runed translucent gate.
 17759 | D:11     | Found a runed translucent gate.
 17761 | D:11     | Noticed a two-headed ogre
 17762 | D:11     | Banished a two-headed ogre
 18356 | D:11     | Found Ekket's Antique Weapon Shoppe.
 19108 | D:12     | Found a staircase to the Orcish Mines.
 19382 | Lair:1   | Entered Level 1 of the Lair of Beasts
 21649 | Lair:2   | Reached skill level 5 in Dodging
 21879 | Lair:2   | Reached skill level 11 in Unarmed Combat
 22725 | Lair:2   | Found a staircase to the Snake Pit.
 22800 | Lair:2   | Reached XP level 12. HP: 93/97 MP: 19/19
 23071 | Lair:2   | Reached skill level 10 in Fighting
 24110 | Lair:3   | Found an ancient bone altar of Kikubaaqudgha.
 24149 | Lair:3   | Found a dark tunnel.
 24155 | Volcano  | Entered a volcano
 26010 | Lair:4   | Noticed a five-headed hydra
 26035 | Lair:4   | Noticed a six-headed hydra
 26043 | Lair:4   | Banished a six-headed hydra
 26087 | Lair:4   | Reached skill level 12 in Unarmed Combat
 27401 | Lair:4   | You fall into a shaft and drop 1 floor!
 27458 | Lair:5   | Noticed a death yak
 27459 | Lair:5   | Noticed a death yak
 27459 | Lair:5   | Noticed a death yak
 27459 | Lair:5   | Noticed a death yak
 27486 | Lair:5   | Killed a death yak
 27489 | Lair:5   | Noticed a death yak
 27493 | Lair:5   | Killed a death yak
 27493 | Lair:5   | Noticed a death yak
 27494 | Lair:5   | Gained mutation: When seriously injured, your bleeding
                  | wounds create very thick armour. (AC +0) [demonic ancestry]
 27494 | Lair:5   | Reached XP level 13. HP: 52/106 MP: 20/20
 30314 | Lair:6   | Entered Level 6 of the Lair of Beasts
 30768 | Lair:6   | Paralysed by a hornet for 3 turns
 33633 | Lair:3   | Found a staircase to the Swamp.
 33946 | Lair:5   | Paralysed by a hornet for 3 turns
 34179 | Lair:4   | Reached skill level 10 in Armour
 36169 | Lair:5   | Reached skill level 10 in Dodging
 36535 | Lair:6   | Gained mutation: You have very sharp fingernails. [demonic
                  | ancestry]
 36535 | Lair:6   | Reached XP level 14. HP: 104/113 MP: 21/21
 36583 | Lair:6   | Noticed bronco's ghost (journeyman TrAr)
 37120 | Lair:6   | Found a runed translucent gate.
 37386 | Lair:6   | Found a runed translucent gate.
 37387 | Lair:6   | Found a runed translucent gate.
 37451 | Lair:6   | Corrupted Lair:6
 37451 | Lair:6   | Noticed a starcursed mass
 37451 | Lair:6   | Noticed a tentacled starspawn
 37451 | Lair:6   | Noticed a revenant
 37451 | Lair:6   | Noticed a tentacled starspawn
 37451 | Lair:6   | Noticed a starcursed mass
 37451 | Lair:6   | Noticed a tentacled starspawn
 37451 | Lair:6   | Noticed a tentacled starspawn
 37451 | Lair:6   | Noticed a tentacled starspawn
 37451 | Lair:6   | Noticed a starcursed mass
 37452 | Lair:6   | Noticed a tentacled starspawn
 37452 | Lair:6   | Noticed a bone dragon
 37453 | Lair:6   | Noticed a starcursed mass
 37454 | Lair:6   | Noticed a starcursed mass
 37907 | Lair:6   | Found a staircase to the Slime Pits.
 40698 | Orc:1    | Entered Level 1 of the Orcish Mines
 40698 | Orc:1    | Noticed an orc warlord
 40711 | D:12     | Banished an orc warlord
 42491 | D:12     | Reached skill level 13 in Unarmed Combat
 42859 | Orc:2    | Entered Level 2 of the Orcish Mines
 43190 | Orc:2    | Found Zumum's Book Shoppe.
 43191 | Orc:2    | Corrupted Orc:2
 43191 | Orc:2    | Noticed a lich
 43193 | Orc:2    | Noticed a lich
 43204 | Orc:2    | Found Qeqeg's Distillery.
 43204 | Orc:2    | Found Xacoh's Jewellery Emporium.
 43204 | Orc:2    | Noticed a dread lich
 43207 | Orc:2    | Found Vochedoe's Antique Armour Shoppe.
 43277 | Orc:2    | Bought a book of the Earth for 975 gold pieces
 43281 | Orc:2    | Bought a ring of wizardry for 360 gold pieces
 43282 | Orc:2    | Bought an opalescent robe for 136 gold pieces
 43282 | Orc:2    | Identified the +1 robe of Teyhiduge {*Corrode Str+5} (You
                  | bought it in a shop on level 2 of the Orcish Mines)
 43439 | Orc:2    | Found a staircase to the Elven Halls.
 43635 | Orc:2    | Learned a level 6 spell: Statue Form
 44323 | Orc:1    | Reached skill level 1 in Transmutations
 44465 | Orc:1    | Found a radiant altar of Vehumet.
 44475 | Orc:1    | Reached skill level 1 in Earth Magic
 44718 | D:13     | Found Xasafoi's Magic Scroll Shop.
 44840 | D:13     | Found a gate leading to a gauntlet.
 44849 | Gauntlet | Entered a Gauntlet
 44849 | Gauntlet | Found a transporter.
 44849 | Gauntlet | Found a transporter.
 44868 | Gauntlet | Found a transporter.
 44868 | Gauntlet | Found a transporter.
 44879 | Gauntlet | Found a transporter.
 44883 | Gauntlet | Noticed a cacodemon
 44890 | Gauntlet | Found a transporter.
 44896 | Gauntlet | Found a transporter.
 44896 | Gauntlet | Found a transporter.
 44899 | Gauntlet | Found a transporter.
 44905 | Gauntlet | Found a transporter.
 44911 | Gauntlet | Found a transporter.
 44951 | Gauntlet | Found a transporter.
 44985 | Gauntlet | Found a transporter.
 45011 | Gauntlet | Found a transporter.
 45108 | Gauntlet | Found a transporter.
 45130 | Gauntlet | Found a transporter.
 45343 | Gauntlet | Identified the amulet of Scepticism {Reflect Dex+3 SH+5
                  | SInv}
 45652 | Gauntlet | Corrupted Gauntlet
 45661 | Gauntlet | Noticed a tentacled starspawn
 45664 | Gauntlet | Noticed a starcursed mass
 45842 | Gauntlet | Identified The Foundations of Witchery
 46344 | Gauntlet | Identified the amulet "Qentemue" {rC+++ Regen+ rCorr Dex+7
                  | Slay-2}
 46512 | Gauntlet | Identified the +2 hat of Turcher {rC+ rN+ Str-2}
 46713 | Gauntlet | Gained mutation: You are clumsy. (Dex -2) [a neqoxec]
 46717 | Gauntlet | Identified the ring "Miesaec" {rN+ Dex+6 Slay-4}
 46717 | Gauntlet | Gained mutation: You are dopey. (Int -2) [a neqoxec]
 46722 | Gauntlet | Gained mutation: You are weak. (Str -2) [a neqoxec]
 46737 | Gauntlet | Gained mutation: Potions are less effective at restoring
                  | your health. [a neqoxec]
 46739 | Gauntlet | Gained mutation: Your body sometimes deteriorates upon
                  | taking damage. [a cacodemon]
 46744 | Gauntlet | Gained mutation: You are very weak. (Str -4) [a cacodemon]
 46756 | Gauntlet | Lost mutation: You are clumsy. (Dex -2) [potion of
                  | mutation]
 46756 | Gauntlet | Lost mutation: Your body sometimes deteriorates upon taking
                  | damage. [potion of mutation]
 46756 | Gauntlet | Lost mutation: You are dopey. (Int -2) [potion of mutation]
 46756 | Gauntlet | Gained mutation: Your mind is acute. (Int +2) [potion of
                  | mutation]
 46756 | Gauntlet | Gained mutation: Your spells are a little harder to cast,
                  | but a little more powerful. [potion of mutation]
 46756 | Gauntlet | Gained mutation: You are covered in fur. (AC +1) [potion of
                  | mutation]
 48360 | D:13     | Reached XP level 15. HP: 122/122 MP: 23/23
 48375 | D:13     | Cast into level 2 of the Abyss (a wizard)
 48383 | Abyss:2  | Noticed an Executioner
 48386 | D:13     | Escaped the Abyss
 48635 | D:13     | You fall into a shaft and drop 2 floors!
 48635 | D:15     | Entered Level 15 of the Dungeon
 48801 | D:15     | Found Boyry's General Store.
 48842 | D:15     | Reached skill level 5 in Transmutations
 49026 | D:15     | Reached skill level 5 in Earth Magic
 50824 | D:15     | Found a staircase to the Depths.
 51082 | D:14     | Found a frozen archway.
 51158 | IceCv    | Entered an ice cave
 52064 | IceCv    | Noticed a frost giant
 52088 | IceCv    | Killed a frost giant
 52232 | IceCv    | Identified the Guide on Aerial Attacks
 52599 | D:14     | Noticed Kirke
 52624 | D:14     | Killed Kirke
 52902 | D:14     | Reached ***** piety under Lugonu
 53224 | D:14     | Found an iron altar of Okawaru.
 53568 | D:14     | Found a gate to the Vaults.
 53738 | D:14     | Found an ornate altar of the Wu Jian Council.
 53975 | Elf:1    | Entered Level 1 of the Elven Halls
 54001 | Elf:1    | Found a runed translucent gate.
 54060 | Elf:1    | Found a runed translucent gate.
 54060 | Elf:1    | Found a runed translucent gate.
 54063 | Elf:1    | Noticed Ischegume's ghost (veteran HOFi)
 54093 | Elf:1    | Found a ruined gateway.
 54131 | Elf:1    | Corrupted Elf:1
 54209 | Elf:1    | Noticed a tentacled starspawn
 54229 | Desolati | Entered the Desolation of Salt
 54297 | Desolati | Found the +2 robe of Vines {NoPotionHeal Regen+++}
 54320 | Desolati | Reached XP level 16. HP: 54/129 MP: 24/24
 54416 | Desolati | Identified the Grimoire of Beguiling
 54446 | Desolati | Identified the ring "Pohotili" {MP+9 SInv}
 54652 | Desolati | Slain by a saltling

Illustrated notes

Levels and vault maps discovered:
D:1:      dpeg_arrival_shrine, layout_loops_ring,
          shapermc_ecumenical_altar_mp_ritualfount
D:2:      layout_loops_ring
D:3:      layout_basic, lemuel_doored_altar, lemuel_old_faithful,
          uniq_crazy_yiuf_cottage
D:4:      layout_basic, tgw_kikubaaqudgha, general_overflow_altar,
          minmay_temple_entry_hall, uniq_menkaure
D:5:      layout_layer_cave, led_sif_book, kennysheep_generic_room_4,
          uniq_eustachio
D:6:      layout_basic, overflow_temple_1_default, trog_wizard
D:7:      layout_loops_corners
D:8:      layout_cave_pools, gammafunk_temple_overflow_wave, grunt_ministairs_5
D:9:      layout_loops_ring, lair_entry_dummy, special_room [special_room_orc]
D:10:     layout_basic
D:11:     layout_loops_corners, serial_shops, nicolae_shop_behind_doors,
          gammafunk_ghost_icy, minmay_misc_feat_hallway
D:12:     layout_basic, david_orc_3
D:13:     minmay_wizard_corner, layout_grid_maze, gauntlet_entry_generic,
          serial_shops, shop
D:14:     layout_loops_ring, skrybe_vaults_entry_preservation,
          pdpol_wu_jian_five_deadly_venoms, portal_ice_cave_entry_imps,
          corexii_checkpoint_b, okawaru_ov_weapons_minmay, uniq_kirke
D:15:     grunt_enter_depths_magical_seal, layout_rooms, chequers_big_river,
          serial_shops, shop
Lair:1:   layout_regular_city, infiniplex_staircase_pool_2
Lair:2:   layout_small_grid, guppyfry_snake_entry_garden,
          infiniplex_staircase_pool
Lair:3:   layout_long_grid, nicolae_swamp_entry_splash_gauntlet, basic_altar,
          nicolae_volcano_entry_hallway, chequers_serial_rivers_micro_c,
          chequers_serial_rivers_micro_e, lemuel_fruit_fields, lemuel_fruit_tree
Lair:4:   layout_layer_cave, grunt_megastairs_2
Lair:5:   layout_small_grid, special_room [special_room_bee],
          amcnicky_mini_pool_medium
Lair:6:   hangedman_lair_tendril_chambers, layout_hall_layers,
          minmay_slime_entry_oklob_open, maelrawn_ghost_gauntlet_escape
Orc:1:    layout_caves, basic_altar
Orc:2:    st_orc_mages, layout_diamond_mine
Elf:1:    layout_loops_corners, portal_desolation_entry_holy_temple,
          ebering_ghost_rock_garden, orc_legates, minivault_5, door_vault
Desolation

Skill      XL: |  1  2  3  4  5  6  7  8  9 10 11 12 13 14 15 |
---------------+----------------------------------------------+-----
Long Blades    | 2 3 |  3.6
Invocations    | 3 4 5 6 7 10 11 | 11.0
Fighting       | 4 5 6 7 8 9 11 12 | 12.5
Unarmed Combat | 1 3 4 6 8 10 11 12 13 | 13.0
Armour         | 2 4 6 7 10 | 10.4
Dodging        | 2 5 7 10 | 10.0
Transmutations | 4 9 |  9.9
Earth Magic    | 4 9 |  9.8

Action                   |  1- 3 |  4- 6 |  7- 9 | 10-12 | 13-15 | 16-18 || total
-------------------------+-------+-------+-------+-------+-------+-------++-------
Melee: Falchion          |    86 |   143 |       |       |       |       ||   229
       Punch             |       |     1 |    22 |    44 |   151 |    12 ||   230
       Unarmed           |       |       |   538 |   998 |  2183 |   108 ||  3827
Throw: Dart              |     6 |       |    14 |     5 |       |       ||    25
 Cast: Statue Form       |       |       |       |       |       |     2 ||     2
Invok: Depart the Abyss  |     1 |       |       |       |     1 |       ||     2
       Bend Space        |       |     5 |       |       |       |       ||     5
       Banish            |       |       |     2 |    10 |    17 |       ||    29
       Corrupt           |       |       |       |       |     4 |       ||     4
Evoke: Wand              |       |       |     6 |    21 |     8 |       ||    35
  Use: Scroll            |     4 |     5 |     1 |    14 |    21 |     1 ||    46
       Potion            |       |     2 |     1 |     3 |    13 |       ||    19
 Stab: Distracted        |       |       |       |     1 |     3 |       ||     4
       Paralysed         |       |       |       |     4 |       |       ||     4
Armor: Leather armour    |    48 |    67 |    61 |       |       |       ||   176
       Skin              |       |     9 |       |       |       |    43 ||    52
       Scale mail        |       |       |   124 |   309 |       |       ||   433
       Chain mail        |       |       |       |   132 |  1316 |    10 ||  1458
       Robe              |       |       |       |       |       |     9 ||     9
Dodge: Dodged            |    65 |    99 |   240 |   560 |  1220 |   170 ||  2354
Block: Other             |       |       |       |       |   104 |       ||   104
       Reflection        |       |       |       |       |     6 |       ||     6
       Rpst.: Falchion   |    31 |    36 |       |       |       |       ||    67

Table legend: (Time is in decaauts)
 A = Elapsed time spent in this place.
 B = Non-inter-level travel time spent in this place.
 C = Inter-level travel time spent in this place.
 D = Time resting spent in this place.
 E = Time spent auto-exploring this place.
 F = Levels seen in this place.
 G = Mean time per level.
                   A        B        C        D        E       F      G
               +--------+--------+--------+--------+--------+-----+--------+
         Total |  54224 |  52605 |   1619 |  12320 |  32014 |  30 | 1807.5 |
       Dungeon |  28318 |  27356 |    962 |   5396 |  18189 |  15 | 1887.9 |
          Lair |  17996 |  17518 |    478 |   4359 |  10755 |   6 | 2999.3 |
  Orcish Mines |   2135 |   1956 |    179 |    362 |   1189 |   2 | 1067.5 |
   Elven Halls |    243 |    243 |      0 |     26 |      0 |   1 |  243.0 |
         Abyss |     58 |     58 |      0 |      0 |     52 |   2 |   29.0 |
      Ice Cave |   1318 |   1318 |      0 |    309 |    696 |   1 | 1318.0 |
       Volcano |   1577 |   1577 |      0 |   1047 |    351 |   1 | 1577.0 |
    Desolation |    429 |    429 |      0 |     89 |     53 |   1 |  429.0 |
      Gauntlet |   2145 |   2145 |      0 |    732 |    728 |   1 | 2145.0 |
               +--------+--------+--------+--------+--------+-----+--------+

Top non-repeatable levels by time:
  Lair:5: 6259 daAuts
    D:12: 3687 daAuts
     D:5: 3165 daAuts
  Lair:6: 2731 daAuts
  Lair:2: 2707 daAuts
  Lair:4: 2675 daAuts
    D:15: 2387 daAuts
    D:11: 2292 daAuts
     D:7: 2257 daAuts
     D:4: 2250 daAuts
Gauntlet: 2145 daAuts
     D:8: 1937 daAuts
  Lair:3: 1832 daAuts
  Lair:1: 1790 daAuts
     D:9: 1785 daAuts
